 Dungeon Crawl Stone Soup version 0.31.0-32-g396128a36d (webtiles) character file.

Game seed: 11114940950336822156

174 gohu the Magician (level 5, -4/35 HPs)
             Began as a Djinni Fire Elementalist on Mar 14, 2024.
             Slain by an orc
             ... wielding a +0 trident
              (8 damage)
             ... on level 4 of the Dungeon.
             The game lasted 00:03:40 (1956 turns).

gohu the Magician (Djinni Fire Elementalist)        Turns: 1956, Time: 00:03:40

Health: -4/35      AC:  2    Str:  7    XL:     5   Next: 84%
Gold:   235        EV: 12    Int: 19    God:
                   SH:  0    Dex: 13

rFire   + . .        (no weapon)
rCold   . . .        (no shield)
rNeg    . . .        a - +0 robe
rPois   ∞            (no helmet)
rElec   .            (no cloak)
rCorr   .            (no gloves)
SInv    +            (boots unavailable)
Will    .....        (no amulet)
Stlth   ++           j - ring of see invisible
HPRegen 0.25/turn    m - ring of ice
MPRegen 0.00/turn

%: infuse magic (-5 HP)
@: flying
A: sickness immunity, fire resistance 2, cold vulnerability 1, float, innate
caster, HP casting, extra vitality 1
a: no special abilities


You were on level 4 of the Dungeon.
You visited 1 branch of the dungeon, and saw 4 of its levels.

You collected 235 gold pieces.

Inventory:

Missiles
 o - a throwing net
Armour
 a - a +0 robe (worn)
Jewellery
 j - a ring of see invisible (left hand)
 m - a ring of ice (right hand)
 r - a ring of ice
Scrolls
 c - a scroll of butterflies {unknown}
 f - a scroll of poison {unknown}
 g - 2 scrolls of identify {unknown}
 h - 2 scrolls of enchant armour {unknown}
 k - a scroll of amnesia {unknown}
 l - a scroll of immolation {unknown}
 n - a scroll of vulnerability {unknown}
 q - a scroll of revelation {unknown}
 t - a scroll of noise {unknown}
Potions
 b - a potion of might {unknown}
 d - 2 potions of attraction {unknown}
 e - a potion of enlightenment {unknown}
 i - 2 potions of mutation {unknown}
 p - a potion of brilliance {unknown}
 s - a potion of magic {unknown}


   Skills:
 - Level 2.1 Dodging
 - Level 1.5 Stealth
 * Level 5.1 Spellcasting
 * Level 5.1 Conjurations
 * Level 5.1 Hexes
   Level 0.0 Charms
 * Level 5.1 Summonings
 * Level 5.1 Necromancy
 * Level 5.1 Translocations
   Level 0.0 Transmutations
 * Level 5.1 Fire Magic
 * Level 5.1 Ice Magic
 * Level 5.1 Air Magic
 * Level 5.1 Earth Magic
 * Level 5.1 Alchemy


You knew the following spells:

 Your Spells              Type           Power      Damage    Failure   Level
a - Foxfire               Conj/Fire      96%        2x1d8     1%          1
b - Scorch                Fire           48%        2d7       2%          2
c - Flame Wave            Conj/Fire      24%        2d8       14%         4
d - Inner Flame           Hex/Fire       24%        N/A       4%          3
e - Volatile Blastmotes   Fire/Tloc      48%        2d14      4%          3
f - Freeze                Ice            100%       1d10      1%          1
g - Blink                 Tloc           48%        N/A       2%          2
Your spell library was empty.

Dungeon Overview and Level Annotations

Branches:
Dungeon (4/15)
 Temple: D:4-7

Altars:
Ru

Shops:
D:1 (


Innate Abilities, Weirdness & Mutations

You are immune to sickness and miasma.
You are immune to poison.
Your flesh is very heat resistant. (rF++)
You are vulnerable to cold. (rC-)
You float through the air rather than walking.
You learn spells naturally, not from books.
Your magical power is your life essence.
You have superior vitality. (+4 MHP)


Message History

An orc comes into view. It is wielding a +0 whip.
Casting: Blink (safe; 2% risk of failure)
Confirm with . or Enter, or press ? or * to list all spells.
Flames lash the orc.
The orc is severely wounded.
The orc's fire resistance burns away.
You hear a shout! x2
Casting: Scorch (safe; 2% risk of failure)
Confirm with . or Enter, or press ? or * to list all spells.
Flames lash the orc.
The orc is burned terribly!
You kill the orc!
An orc comes into view. It is wielding a +0 trident.
Casting: Scorch (safe; 2% risk of failure)
Confirm with . or Enter, or press ? or * to list all spells.
Flames lash the orc.
The orc is almost dead.
The orc's fire resistance burns away.
An orc wizard comes into view. It is wielding a +0 dagger.
The orc hits you from afar with a +0 trident.
The orc wizard casts a spell.
The orc wizard flickers and vanishes for a moment.
Casting: Scorch (safe; 2% risk of failure)
Confirm with . or Enter, or press ? or * to list all spells.
Flames lash the orc wizard.
The orc wizard is severely wounded.
The orc wizard's fire resistance burns away.
The orc hits you from afar with a +0 trident.
The orc misses you.
Casting: Scorch (safe; 2% risk of failure)
Confirm with . or Enter, or press ? or * to list all spells.
Flames lash the orc wizard.
The orc wizard is burned terribly!
You kill the orc wizard!
* * * LOW HITPOINT WARNING * * *
The orc hits you from afar with a +0 trident!
* * * LOW HITPOINT WARNING * * *
The orc is no longer more vulnerable to fire.
The orc misses you.
An orc wizard comes into view. It is wielding a +0 dagger.
The orc hits you from afar with a +0 trident!
You die...

#.##.# #.##.# #+# #.##.#
#.# #.##.# #.#
..#####.##.####.#######
.........).............
#######.##.####.#######
#.##.# #v# ##########o##@#
#§# .........†)o).#
#.########
+#################.........
.........########
########.###########
#...........# #.........#.#
#.........#.# #.........#.#


You could see an orc.

Vanquished Creatures
  A scorpion (D:4)
  Terence (D:3)
  An orc wizard (D:4)
  An adder (D:2)
  2 dart slugs
  2 ribbon worms
  An orc (D:4)
  2 bats (D:3)
  An endoplasm (D:1)
  2 giant cockroaches (D:1)
  4 goblins
  6 hobgoblins
  4 jackals (D:2)
  3 quokkas
  5 ball pythons
  3 frilled lizards
  7 kobolds
  3 rats
49 creatures vanquished.

Vanquished Creatures (others)
  139 foxfires
139 creatures vanquished.

Grand Total: 188 creatures vanquished

Notes
Turn   | Place    | Note
-------+----------+-------------------------------------------
     0 | D:1      | gohu the Djinni Fire Elementalist began the quest for the
                  | Orb.
     0 | D:1      | gohu set off with the following spells memorised: Foxfire,
                  | Scorch, Volatile Blastmotes, Inner Flame, Flame Wave.
     0 | D:1      | Reached XP level 1. HP: 15/15 MP: 0/0
   117 | D:1      | Reached XP level 2. HP: 17/21 MP: 0/0
   306 | D:1      | Found Yqukk's Antique Weapon Shop.
   357 | D:1      | Reached XP level 3. HP: 22/25 MP: 0/0
   357 | D:1      | Learned a level 1 spell: Freeze
  1146 | D:2      | Reached XP level 4. HP: 29/31 MP: 0/0
  1214 | D:2      | Found a faded altar of an unknown god.
  1298 | D:3      | Noticed Terence
  1305 | D:3      | Killed Terence
  1511 | D:3      | Found a sacrificial altar of Ru.
  1927 | D:4      | Noticed a scorpion
  1935 | D:4      | Killed a scorpion
  1936 | D:4      | Reached skill level 5 in Spellcasting
  1936 | D:4      | Reached skill level 5 in Conjurations
  1936 | D:4      | Reached skill level 5 in Hexes
  1936 | D:4      | Reached skill level 5 in Summonings
  1936 | D:4      | Reached skill level 5 in Necromancy
  1936 | D:4      | Reached skill level 5 in Translocations
  1936 | D:4      | Reached skill level 5 in Fire Magic
  1936 | D:4      | Reached skill level 5 in Ice Magic
  1936 | D:4      | Reached skill level 5 in Air Magic
  1936 | D:4      | Reached skill level 5 in Earth Magic
  1936 | D:4      | Reached skill level 5 in Alchemy
  1936 | D:4      | Reached XP level 5. HP: 21/35 MP: 0/0
  1936 | D:4      | Learned a level 2 spell: Blink
  1956 | D:4      | Slain by an orc

Illustrated notes

Levels and vault maps discovered:
D:1:      lemuel_arrival_behind_the_door_small, layout_basic, serial_shops,
          nicolae_shop_window_shopping
D:2:      layout_basic, hellmonk_ecumenical_altar_prayer_group,
          minmay_gold_behind_fungi
D:3:      layout_basic, nicolae_ru_path_of_blood, uniq_terence
D:4:      layout_basic

Skill      XL: |  1  2  3  4 |
---------------+-------------+-----
Spellcasting   | 4 5 |  5.1
Conjurations   | 4 5 |  5.1
Hexes          | 4 5 |  5.1
Summonings     | 4 5 |  5.1
Necromancy     | 4 5 |  5.1
Translocations | 4 5 |  5.1
Fire Magic     | 4 5 |  5.1
Ice Magic      | 4 5 |  5.1
Air Magic      | 4 5 |  5.1
Earth Magic    | 4 5 |  5.1
Alchemy        | 4 5 |  5.1
Dodging        | |  2.1
Stealth        | |  1.5

Action                     |  1- 3 |  4- 6 || total
---------------------------+-------+-------++-------
  Melee: Unarmed           |     2 |       ||     2
   Cast: Foxfire           |    59 |    28 ||    87
         Scorch            |     2 |     7 ||     9
         Volatile Blastmot |       |     5 ||     5
         Blink             |       |     1 ||     1
 Armour: Robe              |     4 |     5 ||     9
  Dodge: Dodged            |     7 |     3 ||    10
